PL
GREENVILLE 84S @ NORTHERN VIRGINIA RAINBOW MERMAIDS
09/18/2038
 
TOP OF THE 1ST
Greenville 84s batting - Pitching for Northern Virginia Rainbow Mermaids : RHP Ton Jobse
Pitching: RHP Ton Jobse
Batting: RHB Jesús Torres 0-0: Called Strike
0-1: Foul Ball, location: 2F
0-2: Foul Ball, location: 2F
0-2: Fly out, F8 (Flyball, 8LD, EV 101.2 MPH)
Batting: LHB Danny Trautmann 0-0: Foul Ball, location: 2F
0-1: Swinging Strike
0-2: Foul Ball, location: 2F
0-2: Ball
1-2: Foul Ball, location: 2F
1-2: Foul Ball, location: 2F
1-2: Ball
2-2: Strikes out swinging
Batting: SHB Shun Komatsu 0-0: Called Strike
0-1: Foul Ball, location: 2F
0-2: Ball
1-2: Ball
2-2: Ball
3-2: Fly out, F8 (Flyball, 8LS, EV 88.8 MPH)
Top of the 1st over - 0 runs, 0 hits, 0 errors, 0 left on base; Greenville 0 - Northern Virginia 0
BOTTOM OF THE 1ST
Northern Virginia Rainbow Mermaids batting - Pitching for Greenville 84s : RHP Júlio Valenzuela
Pitching: RHP Júlio Valenzuela
Batting: LHB Tim Stinson 0-0: Fly out, F7 (Flyball, 7D, EV 91.9 MPH)
Batting: RHB Mario Castillo 0-0: Called Strike
0-1: Ball
1-1: Foul Ball, location: 2F
1-2: Ball
2-2: Strikes out looking
Batting: LHB Tural Bishara 0-0: Called Strike
0-1: Called Strike
0-2: Ball
1-2: Ball
2-2: Foul Ball, location: 2F
2-2: Ball
3-2: Foul Ball, location: 2F
3-2: Fly out, F9 (Flyball, 9LS, EV 78.1 MPH)
Bottom of the 1st over - 0 runs, 0 hits, 0 errors, 0 left on base; Greenville 0 - Northern Virginia 0
TOP OF THE 2ND
Greenville 84s batting - Pitching for Northern Virginia Rainbow Mermaids : RHP Ton Jobse
Batting: RHB Doug Allerdale 0-0: Ball
1-0: Fly out, F8 (Flyball, 8RXD, EV 98.1 MPH)
Batting: RHB Jimbob Ghostkeeper 0-0: Ball
1-0: Foul Ball, location: 2F
1-1: SOLO HOME RUN (Line Drive, 7LD, EV 97.5 MPH), Distance : 365 ft
Batting: SHB Shiki Sanu 0-0: Ball
1-0: Ground out 6-3 (Groundball, 6, EV 95.6 MPH)
Batting: RHB Gil Andersen 0-0: Ball
1-0: Ball
2-0: Called Strike
2-1: Ball
3-1: Base on Balls
Batting: LHB Yu Miao 0-0: Ball
1-0: Foul Ball, location: 2F
1-1: Ball
2-1: Called Strike
2-2: Strikes out swinging
Top of the 2nd over - 1 run, 1 hit, 0 errors, 1 left on base; Greenville 1 - Northern Virginia 0
BOTTOM OF THE 2ND
Northern Virginia Rainbow Mermaids batting - Pitching for Greenville 84s : RHP Júlio Valenzuela
Batting: LHB Ryder Ringor 0-0: Ball
1-0: Ball
2-0: Called Strike
2-1: Ground out 4-3 (Groundball, 4S, EV 88.1 MPH)
Batting: SHB Lupo Cotto 0-0: Called Strike
0-1: Called Strike
0-2: Strikes out swinging
Batting: LHB Craig Morgan 0-0: Foul Ball, location: 2F
0-1: Ground out 6-3 (Groundball, 56, EV 96.9 MPH)
Bottom of the 2nd over - 0 runs, 0 hits, 0 errors, 0 left on base; Greenville 1 - Northern Virginia 0
TOP OF THE 3RD
Greenville 84s batting - Pitching for Northern Virginia Rainbow Mermaids : RHP Ton Jobse
Batting: RHB Sigi Lang 0-0: Ball
1-0: Called Strike
1-1: Fly out, F9 (Flyball, 89S, EV 76.9 MPH)
Batting: RHB Jesús Torres 0-0: Ground out 3-1 (Groundball, 34, EV 103.8 MPH)
Batting: LHB Danny Trautmann 0-0: Ball
1-0: Called Strike
1-1: Foul Ball, location: 2F
1-2: Foul Ball, location: 2F
1-2: Foul Ball, location: 2F
1-2: Ball
2-2: Ball
3-2: Ground out 6-3 (Groundball, 6, EV 83.8 MPH)
Top of the 3rd over - 0 runs, 0 hits, 0 errors, 0 left on base; Greenville 1 - Northern Virginia 0
BOTTOM OF THE 3RD
Northern Virginia Rainbow Mermaids batting - Pitching for Greenville 84s : RHP Júlio Valenzuela
Batting: RHB Phil McCroskey 0-0: Foul Ball, location: 2F
0-1: Swinging Strike
0-2: Strikes out looking
Batting: LHB Jim Brown 0-0: Foul Ball, location: 2F
0-1: Called Strike
0-2: Ball
1-2: Strikes out swinging
Batting: RHB Tony Calhoun 0-0: Swinging Strike
0-1: SINGLE (Line Drive, 89S, EV 108.8 MPH)
Batting: LHB Tim Stinson 0-0: Swinging Strike
0-1: Ball
1-1: DOUBLE (Flyball, 9LM, EV 98.8 MPH)
Tony Calhoun to third
Runner from 3rd tries for Home, SAFE, no throw by RF
Batting: RHB Mario Castillo 0-0: Ground out 6-3 (Groundball, 6M, EV 88.8 MPH)
Bottom of the 3rd over - 1 run, 2 hits, 0 errors, 1 left on base; Greenville 1 - Northern Virginia 1
TOP OF THE 4TH
Greenville 84s batting - Pitching for Northern Virginia Rainbow Mermaids : RHP Ton Jobse
Batting: SHB Shun Komatsu 0-0: Called Strike
0-1: Called Strike
0-2: Strikes out swinging
Batting: RHB Doug Allerdale 0-0: Called Strike
0-1: Called Strike
0-2: Ball
1-2: Hit by Pitch
Batting: RHB Jimbob Ghostkeeper 0-0: Called Strike
0-1: Called Strike
0-2: Ball
1-2: Strikes out swinging
Batting: SHB Shiki Sanu 0-0: Called Strike
0-1: Ball
1-1: Foul Ball, location: 2F
1-2: 2-RUN HOME RUN (Flyball, 7LD, EV 110.0 MPH), Distance : 353 ft
Batting: RHB Gil Andersen 0-0: Ball
1-0: Ball
2-0: Ground out 4-3 (Groundball, 4M, EV 83.8 MPH)
Top of the 4th over - 2 runs, 1 hit, 0 errors, 0 left on base; Greenville 3 - Northern Virginia 1
BOTTOM OF THE 4TH
Northern Virginia Rainbow Mermaids batting - Pitching for Greenville 84s : RHP Júlio Valenzuela
Batting: LHB Tural Bishara 0-0: Ball
1-0: Called Strike
1-1: Foul Ball, location: 2F
1-2: Ball
2-2: Foul Ball, location: 2F
2-2: Fly out, F8 (Flyball, 89M, EV 76.9 MPH)
Batting: LHB Ryder Ringor 0-0: Ball
1-0: Foul Ball, location: 2F
1-1: Called Strike
1-2: Strikes out swinging
Batting: SHB Lupo Cotto 0-0: Ball
1-0: Called Strike
1-1: Fly out, F8 (Line Drive, 8RD, EV 100.0 MPH)
Bottom of the 4th over - 0 runs, 0 hits, 0 errors, 0 left on base; Greenville 3 - Northern Virginia 1
TOP OF THE 5TH
Greenville 84s batting - Pitching for Northern Virginia Rainbow Mermaids : RHP Ton Jobse
Batting: LHB Yu Miao 0-0: Called Strike
0-1: Ball
1-1: Foul Ball, location: 2F
1-2: Fly out, F4 (Line Drive, 4, EV 73.8 MPH)
Batting: RHB Sigi Lang 0-0: Ball
1-0: Foul Ball, location: 2F
1-1: Ball
2-1: Swinging Strike
2-2: Strikes out looking
Batting: RHB Jesús Torres 0-0: Called Strike
0-1: Called Strike
0-2: Foul Ball, location: 2F
0-2: Ball
1-2: Ball
2-2: DOUBLE (Line Drive, 78D, EV 110.0 MPH)
Batting: LHB Danny Trautmann 0-0: Ball
1-0: Called Strike
1-1: Swinging Strike
1-2: Strikes out swinging
Top of the 5th over - 0 runs, 1 hit, 0 errors, 1 left on base; Greenville 3 - Northern Virginia 1
BOTTOM OF THE 5TH
Northern Virginia Rainbow Mermaids batting - Pitching for Greenville 84s : RHP Júlio Valenzuela
Batting: LHB Craig Morgan 0-0: Ball
1-0: Called Strike
1-1: Ball
2-1: Swinging Strike
2-2: Ball
3-2: Base on Balls
Batting: RHB Phil McCroskey 0-0: Ball
1-0: Called Strike
1-1: Fly out, F8 (Line Drive, 8RM, EV 105.0 MPH)
Pitching: RHP Rubén Vázquez
Batting: LHB Jim Brown 0-0: Called Strike
Craig Morgan is caught stealing 2nd base 2-6
0-1: Ball
1-1: Ground out 6-3 (Groundball, 56D, EV 97.5 MPH)
Bottom of the 5th over - 0 runs, 0 hits, 0 errors, 0 left on base; Greenville 3 - Northern Virginia 1
TOP OF THE 6TH
Greenville 84s batting - Pitching for Northern Virginia Rainbow Mermaids : RHP Ton Jobse
Batting: SHB Shun Komatsu 0-0: Called Strike
0-1: Ball
1-1: Called Strike
1-2: Strikes out swinging
Batting: RHB Doug Allerdale 0-0: DOUBLE (Groundball, 5L, EV 95.0 MPH)
Batting: RHB Jimbob Ghostkeeper 0-0: Foul Ball, location: 2F
0-1: Swinging Strike
0-2: Ground out 6-3 (Groundball, 6, EV 85.0 MPH)
Batting: SHB Shiki Sanu 0-0: Foul Ball, location: 2F
0-1: Ball
1-1: Foul Ball, location: 2F
1-2: Foul Ball, location: 2F
1-2: Foul Ball, location: 2F
1-2: Ground out 4-3 (Groundball, 4, EV 98.8 MPH)
Top of the 6th over - 0 runs, 1 hit, 0 errors, 1 left on base; Greenville 3 - Northern Virginia 1
BOTTOM OF THE 6TH
Northern Virginia Rainbow Mermaids batting - Pitching for Greenville 84s : RHP Rubén Vázquez
Batting: RHB Tony Calhoun 0-0: Called Strike
0-1: Ball
1-1: Ball
2-1: Foul Ball, location: 2F
2-2: Foul Ball, location: 2F
2-2: Foul Ball, location: 2F
2-2: Foul Ball, location: 2F
2-2: Hit by Pitch
Batting: LHB Tim Stinson 0-0: Ball
1-0: Grounds into double play, 5-4-3 (Groundball, 56, EV 78.1 MPH)
Batting: RHB Mario Castillo 0-0: Called Strike
0-1: Swinging Strike
0-2: Strikes out looking
Bottom of the 6th over - 0 runs, 0 hits, 0 errors, 0 left on base; Greenville 3 - Northern Virginia 1
TOP OF THE 7TH
Greenville 84s batting - Pitching for Northern Virginia Rainbow Mermaids : RHP Ton Jobse
Batting: RHB Gil Andersen 0-0: Called Strike
0-1: Foul Ball, location: 2F
0-2: Ball
1-2: Ground out 6-3 (Groundball, 56D, EV 100.0 MPH)
Batting: LHB Yu Miao 0-0: SINGLE (Line Drive, 34D, EV 93.8 MPH)
Batting: RHB Sigi Lang 0-0: Swinging Strike
0-1: Ball
1-1: Swinging Strike
1-2: Fly out, F9 (Flyball, 9, EV 88.1 MPH)
Batting: RHB Jesús Torres 0-0: Fielders Choice at 2nd, U4 (Groundball, 4M, EV 81.2 MPH)
Top of the 7th over - 0 runs, 1 hit, 0 errors, 1 left on base; Greenville 3 - Northern Virginia 1
BOTTOM OF THE 7TH
Northern Virginia Rainbow Mermaids batting - Pitching for Greenville 84s : RHP Rubén Vázquez
Pitching: RHP Sima Babic
Batting: LHB Tural Bishara 0-0: Swinging Strike
0-1: Ball
1-1: Foul Ball, location: 2F
1-2: Ball
2-2: Strikes out swinging
Batting: LHB Ryder Ringor 0-0: Foul Ball, location: 2F
0-1: Ball
1-1: Ground out 4-3 (Groundball, 4, EV 90.0 MPH)
Batting: SHB Lupo Cotto 0-0: Foul Ball, location: 2F
0-1: Ball
1-1: Ball
2-1: SOLO HOME RUN (Line Drive, 89XD, EV 98.1 MPH), Distance : 427 ft
Batting: LHB Craig Morgan 0-0: Foul Ball, location: 2F
0-1: Ball
1-1: Called Strike
1-2: Ball
2-2: Ball
3-2: Base on Balls
Batting: RHB Phil McCroskey 0-0: Ball
1-0: DOUBLE (Flyball, 78D, EV 105.6 MPH)
Craig Morgan to third
Runner from 3rd tries for Home, SAFE, no throw by LF
Batting: LHB Jim Brown 0-0: Ball
1-0: Foul Ball, location: 2F
1-1: Foul Ball, location: 2F
1-2: Fly out, F5 (Line Drive, 5, EV 63.1 MPH)
Bottom of the 7th over - 2 runs, 2 hits, 0 errors, 1 left on base; Greenville 3 - Northern Virginia 3
TOP OF THE 8TH
Greenville 84s batting - Pitching for Northern Virginia Rainbow Mermaids : RHP Ton Jobse
Batting: LHB Danny Trautmann 0-0: Ground out 4-3 (Groundball, 4, EV 86.9 MPH)
Batting: SHB Shun Komatsu 0-0: Ball
1-0: Swinging Strike
1-1: Ground out 1-3 (Groundball, 13S, EV 66.9 MPH)
Batting: RHB Doug Allerdale 0-0: Foul Ball, location: 2F
0-1: Ground out 5-3 (Groundball, 5L, EV 86.9 MPH)
Top of the 8th over - 0 runs, 0 hits, 0 errors, 0 left on base; Greenville 3 - Northern Virginia 3
BOTTOM OF THE 8TH
Northern Virginia Rainbow Mermaids batting - Pitching for Greenville 84s : RHP Sima Babic
Batting: RHB Tony Calhoun 0-0: Ball
1-0: Ball
2-0: Ball
3-0: Base on Balls
Pitching: LHP Hervé Favier
Batting: LHB Tim Stinson 0-0: Called Strike
0-1: Ball
1-1: Ball
2-1: Ball
3-1: Sac Bunt to 23 - play at first, batter OUT! 3-4
Tony Calhoun to second
Batting: RHB Mario Castillo 0-0: Intentional Walk
Pitching: RHP Gunnar Hoglund
Batting: LHB Tural Bishara 0-0: Called Strike
0-1: Called Strike
Tony Calhoun steals 3rd, throwing error, E2
Tony Calhoun scores
Mario Castillo to third
0-2: SINGLE (Groundball, 4M, EV 97.5 MPH) (infield hit)
Mario Castillo scores
Batting: LHB Ryder Ringor 0-0: Called Strike
Tural Bishara is caught stealing 2nd base 2-6
0-1: Ball
1-1: SOLO HOME RUN (Line Drive, 78XD, EV 94.4 MPH), Distance : 436 ft
Batting: SHB Lupo Cotto 0-0: Ground out 4-3 (Groundball, 4, EV 81.2 MPH)
Bottom of the 8th over - 3 runs, 2 hits, 1 error, 0 left on base; Greenville 3 - Northern Virginia 6
TOP OF THE 9TH
Greenville 84s batting - Pitching for Northern Virginia Rainbow Mermaids : RHP Ton Jobse
Pitching: RHP Brewster Warble
Batting: RHB Jimbob Ghostkeeper 0-0: Foul Ball, location: 2F
0-1: Foul Ball, location: 2F
0-2: Ball
1-2: Ball
2-2: Foul Ball, location: 2F
2-2: Ball
3-2: SINGLE (Line Drive, 89S, EV 103.8 MPH)
Batting: SHB Shiki Sanu 0-0: Ball
1-0: Fly out, F7 (Line Drive, 7D, EV 96.2 MPH)
Batting: RHB Gil Andersen 0-0: Called Strike
0-1: Grounds into double play, 6-4-3 (Groundball, 6, EV 107.5 MPH)
Top of the 9th over - 0 runs, 1 hit, 0 errors, 0 left on base; Greenville 3 - Northern Virginia 6
Friday, April 17th, 2020 - OOTP Baseball 20.8 Build 74